 Dungeon Crawl Stone Soup version 0.29.0-11-gd7f09526c8 (console) character file.

Game seed: 9154769122100832243

288 odiv the Magician (level 6, 0/43 HPs)
             Began as a Djinni Warper on Sept 4, 2022.
             Slain by an orc wizard
             ... wielding a +0 dagger
              (3 damage)
             ... on level 5 of the Dungeon.
             The game lasted 00:08:54 (4465 turns).

odiv the Magician (Djinni Warper)                   Turns: 4465, Time: 00:08:55

Health: 0/43       AC:  3    Str: 10    XL:     6   Next: 57%
Gold:   223        EV: 12    Int: 16    God:
                   SH:  0    Dex: 13

rFire   + + .      SeeInvis .   a - +0 falchion (vorpal)
rCold   . . .      Faith    .   (no shield)
rNeg    . . .      Spirit   .   i - +0 leather armour
rPois   ∞          Reflect  .   (no helmet)
rElec   .          Harm     .   (no cloak)
rCorr   .          Rampage  .   (no gloves)
Will    +....                   (boots unavailable)
Stlth   +.........              (no amulet)
HPRegen 0.14/turn               k - ring of willpower
MPRegen 0.00/turn               r - ring of protection from cold

@: brilliant, attractive, flying
A: sickness immunity, fire resistance 2, cold vulnerability 1, float, innate
caster, HP casting, extra vitality 1
a: no special abilities


You were on level 5 of the Dungeon.
You visited 1 branch of the dungeon, and saw 5 of its levels.

You collected 223 gold pieces.

Inventory:

Hand Weapons
 a - a +0 vorpal falchion (weapon)
 b - a +0 sling
 n - a +0 rapier
Missiles
 d - 7 boomerangs of dispersal
 e - 12 stones (quivered)
 h - 3 boomerangs
 m - 5 atropa-tipped darts
Armour
 i - a +0 leather armour (worn)
 q - an orb of mayhem
Magical Staves
 f - a staff of air
Jewellery
 k - a ring of willpower (left hand)
 r - a ring of protection from cold (right hand)
Scrolls
 g - 3 scrolls of identify {unknown}
 l - a scroll of acquirement {unknown}
 o - a scroll of brand weapon {unknown}
 w - a scroll of teleportation {unknown}
Potions
 c - a potion of curing {unknown}
 j - a potion of attraction
 p - a potion of brilliance
 s - a potion of flight {unknown}
 t - a potion of heal wounds {unknown}
 u - a potion of berserk rage {unknown}
 v - a potion of degeneration {unknown}


   Skills:
 - Level 2.0 Fighting
 - Level 1.7 Long Blades
 - Level 0.7 Throwing
 - Level 1.0 Armour
 + Level 3.6 Dodging
 + Level 4.8 Spellcasting


You couldn't memorise any spells.
You knew the following spells:

 Your Spells              Type           Power      Damage    Failure   Level
a - Lesser Beckoning      Tloc           29%        N/A       9%          3
b - Blink                 Tloc           58%        N/A       4%          2
c - Gell's Gravitas       Tloc           29%        N/A       9%          3
d - Teleport Other        Tloc           29%        N/A       9%          3
e - Manifold Assault      Tloc           29%        N/A       61%         5
f - Necrotise             Necr           100%       1d9       2%          1
g - Wereblood             Tmut           29%        N/A       4%          2
Your spell library was empty.

Dungeon Overview and Level Annotations

Branches:
Dungeon (5/15)
 Temple: D:4-7

Altars:
Gozag

Annotations:
D:4 Eustachio


Innate Abilities, Weirdness & Mutations

You are immune to sickness and miasma.
You are immune to poison.
Your flesh is very heat resistant. (rF++)
You are vulnerable to cold. (rC-)
You float through the air rather than walking.
You learn spells naturally, not from books.
Your magical power is your life essence.
You have superior vitality. (+4 MHP)


Message History

Casting: Necrotise (safe; 3% risk of failure)
Confirm with . or Enter, or press ? or * to list all spells.
Aiming: Necrotise (safe; 3% risk of failure)
Press: ? - help, Shift-Dir - straight line, f/p - orc wizard
Aim: an orc wizard, wielding a +0 dagger and wearing a +0 robe (almost dead, chance to affect: 78%)
The orc wizard writhes in agony.
You kill the orc wizard!
* * * LOW HITPOINT WARNING * * *
The dead are walking!
The orc hits you with a +0 hand axe.
* * * LOW HITPOINT WARNING * * *
The orc hits your orc wizard skeleton but does no damage.
Something hits you but does no damage.
Unknown command.
Casting: Necrotise (safe; 2% risk of failure)
Confirm with . or Enter, or press ? or * to list all spells.
Aiming: Necrotise (safe; 2% risk of failure)
Press: ? - help, Shift-Dir - straight line Something writhes in agony.
* * * LOW HITPOINT WARNING * * *
The orc misses you.
The orc hits your orc skeleton with a +0 hand axe.
The orc hits your orc wizard skeleton with a +0 hand axe.
Something hits you.
* * * LOW HITPOINT WARNING * * *
Your orc skeleton closely misses the orc.
It was a potion of brilliance.
You feel clever all of a sudden.
Your orc wizard skeleton hits the orc.
The orc hits your orc wizard skeleton with a +0 hand axe.
The orc barely misses you.
The orc hits your orc skeleton with a +0 hand axe.
Your orc skeleton is destroyed!
Something hits you but does no damage.
Okay, then.
It was a potion of attraction.
You feel attractive to monsters. The orc barely misses you.
The orc hits your orc wizard skeleton with a +0 hand axe.
Your orc wizard skeleton hits the orc.
Something hits you.
You die...

#.# #.# #.#
#.# # #.## #.
##.# ... ##Z#
....#######)o#
..........){@#
...........###
#.......###
##.....##
##...## ##..
#.. ##. #.


You could see an orc (strong, ally target) and a friendly orc wizard skeleton.

Vanquished Creatures
  A hound (D:4)
  3 iguanas
  Jessica (D:3)
  An orc wizard (D:5)
  5 adders
  3 dart slugs
  11 orcs
  9 ball pythons
  2 endoplasms (D:1)
  3 giant cockroaches
  3 goblins
  5 hobgoblins
  2 quokkas
  6 bats
  3 frilled lizards
  6 kobolds
  6 rats
70 creatures vanquished.

Vanquished Creatures (collateral kills)
  2 orcs (D:4)
  A goblin (D:4)
3 creatures vanquished.

Vanquished Creatures (others)
  15 fungi (D:4)
15 creatures vanquished.

Grand Total: 88 creatures vanquished

Notes
Turn   | Place    | Note
-------+----------+-------------------------------------------
     0 | D:1      | odiv the Djinni Warper began the quest for the Orb.
     0 | D:1      | odiv set off with the following spells memorised: Blink,
                  | Lesser Beckoning, Gell's Gravitas, Teleport Other, Manifold
                  | Assault.
     0 | D:1      | Reached XP level 1. HP: 18/18 MP: 0/0
   174 | D:1      | Reached XP level 2. HP: 9/23 MP: 0/0
   738 | D:1      | Reached skill level 3 in Spellcasting
  1323 | D:1      | Reached XP level 3. HP: 28/28 MP: 0/0
  1323 | D:1      | Learned a level 1 spell: Necrotise
  1699 | D:2      | Found an opulent altar of Gozag.
  2348 | D:2      | Found a faded altar of an unknown god.
  2523 | D:2      | Reached XP level 4. HP: 31/33 MP: 0/0
  3046 | D:3      | Reached skill level 4 in Spellcasting
  3353 | D:3      | Noticed Jessica
  3359 | D:3      | Killed Jessica
  3360 | D:3      | Reached XP level 5. HP: 36/38 MP: 0/0
  3360 | D:3      | Learned a level 2 spell: Wereblood
  4227 | D:4      | Reached XP level 6. HP: 31/43 MP: 0/0
  4391 | D:4      | Noticed Eustachio
  4396 | D:5      | Entered Level 5 of the Dungeon
  4465 | D:5      | Slain by an orc wizard

Illustrated notes

Levels and vault maps discovered:
D:1:      lemuel_arrival_tunnels, layout_loops_corners
D:2:      layout_loops_corners, shapermc_ecumenical_altar_mp_highgroup,
          basic_altar
D:3:      layout_basic, uniq_jessica
D:4:      layout_basic, minitemple, serial_aquarium,
          aquarium_bridge_long_separate [aquarium_subvault_bridge,
          aquarium_subvault_balcony, aquarium_subvault_balcony,
          aquarium_subvault_bridge, aquarium_subvault_bridge,
          aquarium_subvault_window], aquarium_window_fake,
          aquarium_window_corner, aquarium_window_2, aquarium_window_fake,
          aquarium_view_2d, aquarium_view_2e, aquarium_balcony_3a,
          uniq_eustachio
D:5:      layout_layer_cave, mainiacjoe_overflow_alcove_4,
          mainiacjoe_overflow_catwalk, minmay_temple_entry_grid,
          serial_bayou_crossing, uniq_sigmund, uniq_pikel, uniq_edmund

Skill      XL: |  1  2  3  4  5  6 |
---------------+-------------------+-----
Spellcasting   | 3 4 |  4.8
Dodging        | 3 |  3.6
Fighting       | |  2.0
Long Blades    | |  1.7
Throwing       | |  0.7
Armour         | |  1.0

Action                   |  1- 3 |  4- 6 || total
-------------------------+-------+-------++-------
Melee: Falchion          |    51 |    47 ||    98
       Punch             |       |     2 ||     2
 Fire: Sling             |    15 |    27 ||    42
Throw: Stone             |     1 |     2 ||     3
 Cast: Necrotise         |    26 |    67 ||    93
       Wereblood         |       |     2 ||     2
  Use: Scroll            |       |     1 ||     1
       Potion            |       |     2 ||     2
Armor: Leather armour    |    16 |    23 ||    39
Dodge: Dodged            |    41 |    60 ||   101
